 Dungeon Crawl Stone Soup version 0.25-a0-785-gb22c70e859 (webtiles) character file.

Game seed: 938675960283071243, levelgen mode: deterministic

115 kae the Ruffian (level 4, -2/35 HPs)
             Began as a Draconian Transmuter on Apr 17, 2020.
             Slain by Grinder (7 damage)
             ... while paralysed by Grinder
             ... on level 3 of the Dungeon.
             The game lasted 00:03:32 (2841 turns).

kae the Ruffian (Draconian Transmuter)              Turns: 2841, Time: 00:03:32

Health: -2/35      AC:  5    Str: 13    XL:     4   Next: 68%
Magic:  4/8        EV:  2    Int: 11    God:
Gold:   82         SH:  0    Dex: 12    Spells: 2/8 levels left

rFire    . . .     SeeInvis .     - Unarmed
rCold    . . .     Gourm    .   (no shield)
rNeg     . . .     Faith    .   (armour unavailable)
rPois    .         Spirit   .   (helmet restricted)
rElec    .         Reflect  .   (no cloak)
rCorr    .         Harm     .   (no gloves)
MR       .....                  (no boots)
Stlth    +.........             (no amulet)
HPRegen  0.11/turn              (no ring)
MPRegen  0.11/turn              (no ring)

@: paralysed
A: unfitting armour, big wings, dopey 1, cold-blooded, AC +5
a: Fly


You were on level 3 of the Dungeon.
You were not hungry.

You visited 1 branch of the dungeon, and saw 3 of its levels.

You collected 82 gold pieces.

Inventory:

Missiles
 a - 20 arrows
Potions
 e - a potion of cancellation
Comestibles
 c - 5 rations
 d - 4 chunks of flesh


   Skills:
 - Level 1.1 Fighting
 - Level 1.7 Dodging
 * Level 4.4 Unarmed Combat
 + Level 2.8 Spellcasting
 + Level 2.9 Transmutations


You had 2 spell levels left.
You knew the following spells:

 Your Spells              Type           Power        Failure   Level  Hunger
a - Beastly Appendage     Tmut           #.....       8%          1    #......
b - Sticks to Snakes      Tmut           #.......     12%         2    ###....
c - Spider Form           Tmut/Pois      #.........   41%         3    ###....

Your spell library contained the following spells:

 Spells                   Type           Power        Failure   Level  Hunger
 Ice Form                 Ice/Tmut       #.......     82%         4    #####..
 Blade Hands              Tmut           #.........   91%         5    ######.


Dungeon Overview and Level Annotations

Branches:
Dungeon (3/15)

Altars:
Nemelex Xobeh
Zin

Annotations:
D:3 Grinder


Innate Abilities, Weirdness & Mutations

Your plain brown scales are hard. (AC +5)
You cannot fit into any form of body armour.
You are cold-blooded and may be slowed by cold attacks.
Your large and strong wings let you fly indefinitely.
You are dopey. (Int -2)


Message History

Okay, then.
You aren't carrying any scrolls.
Unknown command.
Really quaff the potion of mutation?
You feel extremely strange.
You feel stupid.
Your wings grow larger and stronger.
Casting: Spider Form (slightly dangerous; 41% risk of failure)
Confirm with . or Enter, or press ? or * to list all spells.
You create a snake!
You now have 20 arrows.
Grinder barely misses you.
You hit Grinder.
Grinder is lightly wounded.
Grinder gestures at you.
You suddenly lose the ability to move!
Your adder bites Grinder.
Grinder gestures at you. Pain shoots through your body!
* * * LOW HITPOINT WARNING * * *
Your adder closely misses Grinder.
Grinder hits you!
You die...

#.##.#.#.(####.##.##
#.......†......##.##
########...#### #.## ..#
#...# #.## # # #.# #...#
#.## #.#. #.# #...# #...
.... #.# #...# ####
#.##..#)#####...#########
#.......@5...............
#.......S..............##
#..#...................##
#. #...######...########
...... #[..# ...... #...#
...#.## #...# ####. #...#
. #...#


You could see Grinder and a friendly adder.

Vanquished Creatures
  3 adders (D:3)
  2 worms (D:2)
  3 dart slugs
  2 leopard geckos
  An orc (D:3)
  5 giant cockroaches
  2 goblins
  4 hobgoblins
  8 jackals (D:3)
  A quokka (D:2)
  4 bats
  7 frilled lizards
  5 kobolds
  11 rats
58 creatures vanquished.

Vanquished Creatures (collateral kills)
  Natasha (D:3)
1 creature vanquished.

Grand Total: 59 creatures vanquished

Notes
Turn   | Place    | Note
-------+----------+-------------------------------------------
     0 | D:1      | kae the Draconian Transmuter began the quest for the Orb.
     0 | D:1      | Reached XP level 1. HP: 16/16 MP: 3/3
   360 | D:1      | You fall into a shaft and drop 1 floor!
   360 | D:2      | Found a glowing silver altar of Zin.
   368 | D:2      | Reached XP level 2. HP: 21/23 MP: 3/5
   372 | D:2      | Found a sparkling altar of Nemelex Xobeh.
   744 | D:2      | Reached XP level 3. HP: 13/28 MP: 4/6
  1946 | D:2      | Learned a level 2 spell: Sticks to Snakes
  1950 | D:2      | Learned a level 3 spell: Spider Form
  2311 | D:3      | Reached skill level 4 in Unarmed Combat
  2457 | D:3      | Reached XP level 4. HP: 25/35 MP: 5/7
  2591 | D:3      | Noticed Natasha
  2617 | D:3      | Killed Natasha
  2649 | D:3      | Noticed Grinder
  2836 | D:3      | Gained mutation: You are dopey. (Int -2) [potion of
                  | mutation]
  2836 | D:3      | Gained mutation: Your large and strong wings let you fly
                  | indefinitely. [potion of mutation]
  2839 | D:3      | Paralysed by Grinder for 6 turns
  2841 | D:3      | Slain by Grinder

Levels and vault maps discovered:
D:1:      lightli_arrival_flooded_house, layout_rooms
D:2:      layout_rooms, nicolae_overflow_hidden_temple
D:3:      layout_loops_cross, first_ration, uniq_grinder, uniq_natasha

Skill      XL: |  1  2  3 |
---------------+----------+-----
Unarmed Combat | 4 |  4.4
Fighting       | |  1.1
Dodging        | |  1.7
Spellcasting   | |  2.8
Transmutations | |  2.9

Action                   |  1- 3 |  4- 6 || total
-------------------------+-------+-------++-------
Melee: Unarmed           |   188 |    35 ||   223
       Tailslap          |    17 |     3 ||    20
       Headbutt          |     6 |       ||     6
       Kick              |     5 |     2 ||     7
       Punch             |     1 |       ||     1
 Cast: Beastly Appendage |    22 |     3 ||    25
       Spider Form       |     3 |     1 ||     4
       Sticks to Snakes  |       |     4 ||     4
  Use: Scroll            |     4 |     1 ||     5
       Potion            |       |     2 ||     2
  Eat: Chunk             |     6 |     2 ||     8
Armor: Skin              |    82 |    13 ||    95
Dodge: Dodged            |   189 |    33 ||   222

Table legend:
 A = Non-vault XP
 B = Vault XP
 C = Vault XP percentage of total XP
 D = Non-vault monster count
 E = Vault monster count
 F = Vault count percentage of total count
                 A         B        C        D         E       F
            +---------+---------+-------+---------+---------+-------
      Total |     140 |      25 |  15.2 |      58 |       1 |   1.7
            +---------+---------+-------+---------+---------+-------
        D:1 |      18 |       0 |   0.0 |       9 |       0 |   0.0
        D:2 |      42 |       0 |   0.0 |      24 |       0 |   0.0
        D:3 |      80 |      25 |  23.8 |      25 |       1 |   3.8
            +---------+---------+-------+---------+---------+-------
